 Dungeon Crawl Stone Soup version 0.27.1 (webtiles) character file.

Game seed: 6116840923972629539

21 calewdscratch the Sneak (level 3, -3/19 HPs)
             Began as a Kobold Enchanter on Aug 30, 2021.
             Slain by a gnoll (6 damage)
             ... on level 1 of the Dungeon.
             The game lasted 00:12:02 (1209 turns).

calewdscratch the Sneak (Kobold Enchanter)          Turns: 1209, Time: 00:12:02

Health: -3/19      AC:  2    Str:  5    XL:     3   Next: 2%
Magic:  6/6        EV: 15    Int: 16    God:
Gold:   26         SH:  0    Dex: 16    Spells: 3/6 levels left

rFire    . . .     SeeInvis .   a - +1 dagger
rCold    . . .     Faith    .   (shield restricted)
rNeg     . . .     Spirit   .   b - +0 robe
rPois    .         Reflect  .   (no helmet)
rElec    .         Harm     .   (no cloak)
rCorr    .         Rampage  .   (no gloves)
Will     .....                  (no boots)
Stlth    ++++......             (no amulet)
HPRegen  0.06/turn              (no ring)
MPRegen  0.10/turn              (no ring)

@: no status effects
A: small, no large weapons, nightstalker 3
a: no special abilities


You were on level 1 of the Dungeon.
You visited 1 branch of the dungeon, and saw 1 of its levels.

You collected 26 gold pieces.

Inventory:

Hand Weapons
 a - a +1 dagger (weapon)
Armour
 b - a +0 robe (worn)
Scrolls
 d - a scroll of identify {unknown}
Potions
 c - a potion of brilliance {unknown}


   Skills:
 + Level 2.7 Short Blades
 - Level 2.4 Dodging
 + Level 4.8 Stealth
 - Level 2.1 Spellcasting
 - Level 3.0 Hexes


You had 3 spell levels left.
You knew the following spells:

 Your Spells              Type           Power      Damage    Failure   Level
a - Corona                Hex            12%        N/A       6%          1
b - Ensorcelled Hibernat  Hex/Ice        12%        N/A       17%         2

Your spell library contained the following spells:

 Spells                   Type           Power      Damage    Failure   Level
 Confusing Touch          Hex            11%        N/A       19%         3
 Tukima's Dance           Hex            11%        N/A       19%         3
 Dazzling Flash           Conj/Hex       12%        N/A       32%         3


Dungeon Overview and Level Annotations

Branches:
Dungeon (1/15)

Altars:

Shops:
D:1 [


Innate Abilities, Weirdness & Mutations

You are small and have problems with some larger weapons.
You are completely attuned to the shadows.


Message History

You kill the kobold!
You have reached level 3!
Your experience leads to an increase in your attributes!
Increase (S)trength, (I)ntelligence, or (D)exterity?
You feel agile.
You start resting.
HP restored.
d - a scroll labelled TECACLE FURA You now have 26 gold pieces (gained 17).
Things that are here:
a +0 dagger; a kobold skeleton The gnoll shouts!
The gnoll hits you from afar with a +0 spear.
The gnoll hits you with a +0 spear.
Aiming: Corona (safe; 6% risk of failure)
Press: ? - help, Q - select action, (/) - cycle Shift-Dir - straight line, f/p - gnoll
Aim: a gnoll, wielding a +0 spear (chance to affect: 55%)
Okay, then.
Drop what? 4/52 slots (_ for help) (? for menu, Esc to quit)
Okay, then.
Press: ? - help, v - describe, . - travel
Here: a gnoll, wielding a +0 spear Some shallow water.
Unknown command.
You hit the gnoll.
The gnoll is moderately wounded.
You hit the gnoll.
The gnoll is moderately wounded.
The gnoll splashes around in the water.
You barely miss the gnoll.
The gnoll is moderately wounded.
The gnoll splashes around in the water.
You hit the gnoll but do no damage.
The gnoll is moderately wounded.
The gnoll hits you with a +0 spear!
* * * LOW HITPOINT WARNING * * *
You hit the gnoll but do no damage.
The gnoll is moderately wounded.
The gnoll hits you with a +0 spear.
You die...

#.#....≈≈≈≈≈≈#. #.#
#.......≈≈≈
##.###....#..#
#..##.......##
#.........#####.
#....#..........
#####≈......#...#
#≈≈≈≈............
≈≈≈≈.≈≈.@#...#...
≈≈≈≈≈≈≈≈g##....#
≈≈≈≈≈.≈≈.##...##
####≈≈≈≈≈###..# #.≈≈≈.≈#
#..###...∩.... #†≈≈≈≈.#
#............. #.≈≈≈≈.#
#............#
#.≈≈.≈≈###............#
##..≈.≈...#.#..>.......#


You could see a gnoll.

Vanquished Creatures
  An endoplasm (D:1)
  2 goblins (D:1)
  2 hobgoblins (D:1)
  7 jackals (D:1)
  A kobold (D:1)
  2 bats (D:1)
  2 frilled lizards (D:1)
  A rat (D:1)
18 creatures vanquished.

Notes
Turn   | Place    | Note
-------+----------+-------------------------------------------
     0 | D:1      | calewdscratch the Kobold Enchanter began the quest for the
                  | Orb.
     0 | D:1      | Reached XP level 1. HP: 10/10 MP: 3/3
   290 | D:1      | Reached XP level 2. HP: 13/15 MP: 1/5
   341 | D:1      | Learned a level 2 spell: Ensorcelled Hibernation
   604 | D:1      | Found Poorrad's Antique Armour Shop.
   913 | D:1      | Reached XP level 3. HP: 3/19 MP: 6/6
  1209 | D:1      | Slain by a gnoll

Illustrated notes

Levels and vault maps discovered:
D:1:      ncdulo_smallfort, layout_rooms, serial_rivers,
          chequers_serial_rivers_small_3, chequers_serial_rivers_large_a,
          chequers_serial_rivers_small_a, chequers_serial_rivers_small_3,
          chequers_serial_rivers_room_b, chequers_serial_rivers_small_b,
          serial_shops, shop, basic_ecumenical_altar

Skill      XL: |  1 |
---------------+----+-----
Short Blades   | 2 |  2.7
Dodging        | |  2.4
Stealth        | |  4.8
Spellcasting   | |  2.1
Hexes          | |  3.0

Action                   || total
-------------------------++-------
Melee: Dagger            ||    62
 Cast: Corona            ||     8
       Ensorcelled Hiber ||     4
 Stab: Sleeping          ||     6
Armor: Robe              ||     3
Dodge: Dodged            ||    57
